 Dungeon Crawl Stone Soup version 0.29.0-13-gc9e81de378 (webtiles) character file.

Game seed: 17962365592936161275

239810 iguanaiguana the End of an Era (level 18, -8/161 (163) HPs)
             Began as a Minotaur Fighter on Sept 8, 2022.
             Was the Champion of Qazlal.
             Killed from afar by a starcursed mass (28 damage)
             ... with an accursed screaming
             ... while paralysed by accursed screaming
             ... on level 2 of the Abyss.
             The game lasted 01:03:28 (39610 turns).

iguanaiguana the End of an Era (Minotaur Fighter)  Turns: 39610, Time: 01:03:29

HP:   -8/161 (163)  AC: 27    Str: 36    XL:     18   Next: 60%
MP:   0/30          EV:  2    Int: 15    God:    Qazlal [******]
Gold: 965           SH:  0    Dex: 17    Spells: 17/17 levels left

rFire   + . .      SeeInvis +   a - +6 broad axe of Callousness {vorpal, rF+ rC+ Dex+4}
rCold   + . .      Faith    .   T - +6 tower shield of Wonderful Birdsong {Str+7 Int+6 Stlth-}
rNeg    . . .      Spirit   +   E - +6 scale mail of the Worm {Int+4}
rPois   +          Reflect  .   q - +0 mask of the Dragon {Will+ Slay+3 SInv}
rElec   .          Harm     .   B - +1 cloak
rCorr   .          Rampage  .   J - +2 pair of gloves {Dex+3}
Will    ++...                   k - +2 pair of boots
Stlth   ..........              c - brooch of Shielding {Spirit SH+8}
HPRegen 0.36/turn               (no ring)
MPRegen 0.22/turn               u - ring of poison resistance

@: paralysed, about to teleport, protected from physical damage, on berserk
cooldown, lightly drained, repel missiles
A: horns 2, retaliatory headbutt
}: 2/15 runes: decaying, serpentine
a: Renounce Religion, Upheaval, Elemental Force, Disaster Area


You were on level 2 of the Abyss.
You worshipped Qazlal.
Qazlal was exalted by your worship.
You visited 6 branches of the dungeon, and saw 31 of its levels.
You visited the Abyss 1 time.
You visited 1 bazaar.
You also visited: Gauntlet.

You collected 2784 gold pieces.
You spent 1819 gold pieces at shops.

Inventory:

Hand Weapons
 a - the +6 broad axe of Callousness (weapon) {vorpal, rF+ rC+ Dex+4}
   (You acquired it in a Gauntlet)

   It inflicts extra damage upon your enemies.
   Dex:       It affects your dexterity (+4).
   rF:        It protects you from fire.
   rC:        It protects you from cold.
 b - the +8 spear of Circularity {vorpal, rPois Str+4}
   (You found it on level 3 of the Snake Pit)

   It inflicts extra damage upon your enemies.
   Str:       It affects your strength (+4).
   rPois:     It protects you from poison.
 Z - the +7 war axe of Zeyrrafynt {pain, *Rage rCorr Str-2 Stlth+}
   (You bought it in a shop on level 1 of the Orcish Mines)

   In the hands of one skilled in necromantic magic, it inflicts extra damage on
   living creatures.
   Str:       It affects your strength (-2).
   *Rage:     It berserks you when you make melee attacks (+20% chance).
   rCorr:     It protects you from acid and corrosion.
   Stlth:     It makes you more stealthy.
Missiles
 m - 4 silver javelins
 n - 3 curare-tipped darts
 t - 37 poisoned darts
 v - 13 boomerangs (quivered)
 L - a throwing net
 V - 9 javelins
Armour
 k - a +2 pair of boots (worn)
 q - the +0 mask of the Dragon (worn) {Will+ Slay+3 SInv}
   (You found it in a Gauntlet)

   Slay:      It affects your accuracy & damage with ranged weapons and melee
   (+3).
   SInv:      It lets you see invisible.
   Will:      It increases your willpower.
 B - a +1 cloak (worn)
 E - the +6 scale mail of the Worm (worn) {Int+4}
   (You found it on level 4 of the Snake Pit)

   Int:       It affects your intelligence (+4).
 J - a +2 pair of gloves of dexterity (worn)
 T - the +6 tower shield of Wonderful Birdsong (worn) {Str+7 Int+6 Stlth-}
   (You acquired it on level 4 of the Lair of Beasts)

   Str:       It affects your strength (+7).
   Int:       It affects your intelligence (+6).
   Stlth:     It makes you less stealthy.
Jewellery
 c - the brooch of Shielding (around neck) {Spirit SH+8}
   (You found it on level 5 of the Lair of Beasts)

   [amulet of guardian spirit]

   It causes incoming damage to be divided between your reserves of health and
   magic.
   SH:        It affects your SH (+8).
 j - a ring of protection from cold
 u - a ring of poison resistance (right hand)
 x - the ring "Mekecs" {rElec Str+3 Int+6 Slay-2 SInv}
   (You acquired it in a Gauntlet)

   [ring of intelligence]

   Str:       It affects your strength (+3).
   Int:       It affects your intelligence (+6).
   Slay:      It affects your accuracy & damage with ranged weapons and melee
   (-2).
   rElec:     It insulates you from electricity.
   SInv:      It lets you see invisible.
 F - a ring of resist corrosion
 Y - a +6 ring of strength
Wands
 y - a wand of acid (15) {@v1}
 C - a wand of polymorph (17)
 D - a wand of digging (8) {@v3}
 M - a wand of paralysis (29)
 Q - a wand of roots (41)
 R - a wand of flame (45)
Scrolls
 e - 2 scrolls of magic mapping {@r5}
 g - a scroll of enchant armour
 h - 10 scrolls of teleportation {@r3}
 o - 5 scrolls of vulnerability
 p - 6 scrolls of blinking {@r4}
 r - 2 scrolls of fear
 s - 2 scrolls of poison
 z - a scroll of torment
 H - a scroll of silence
 N - 4 scrolls of immolation
 W - a scroll of butterflies
Potions
 d - 5 potions of might {@q3}
 f - 5 potions of flight
 l - 4 potions of ambrosia
 w - 2 potions of magic
 A - a potion of berserk rage
 G - a potion of invisibility
 I - 6 potions of curing {@q1}
 K - 3 potions of mutation
 P - 2 potions of lignification
 S - 3 potions of haste {@q4}
Miscellaneous
 i - a phantom mirror
 O - a condenser vane (inert)
 U - a phial of floods


   Skills:
 - Level 15.0 Fighting
 - Level 18.0 Axes
 + Level 11.4 Throwing
 - Level 10.0 Armour
 - Level 6.0 Dodging
 - Level 17.6 Shields
 * Level 18.9 Invocations
 - Level 7.3 Evocations


You had 17 spell levels left.
You didn't know any spells.
Your spell library was empty.

Dungeon Overview and Level Annotations

Branches:
Dungeon (15/15) Zot: 25776  Temple (0/1) D:6            Lair (5/5) D:11 Zot: 22226
  Swamp (4/4) Lair:3 Zot: 19648   Snake (4/4) Lair:3 Zot: 16567   Slime (0/5) Lair:5
    Orc (2/2) D:9 Zot: 9816     Elf (0/3) Orc:2        Vaults (1/5) D:13 Zot: 5954
 Depths (0/4) D:15        Gauntlet (visited)

Altars:
Ashenzari
Cheibriados
Elyvilon
Gozag
Kikubaaqudgha
Makhleb
Nemelex Xobeh
Qazlal
Ru
Vehumet
Xom
Zin
The Shining One
Jiyva

Shops:
D:8 [   D:14 =   Orc:1 ([!(   Orc:2 (=[*   Snake:1 ((:?

Annotations:
D:5 exclusion: door
D:8 3 runed translucent doors, btbam's ghost, novice PaBe
D:10 exclusions: 2 electric eels and 8 more exclusions, Urug
D:12 exclusion: ice statue
Lair:3 exclusions: 2 electric eels and 5 more exclusions
Snake:1 3 runed translucent doors, BuzzyBeetle's ghost, journeyman DEIE; lambentLogic's ghost, journeyman HOFi
Snake:4 1 runed translucent door, HypermagicGuardian's ghost, adept MiFi
Orc:1 3 runed translucent doors, TarVian's ghost, journeyman MiFi


Innate Abilities, Weirdness & Mutations

You have a pair of horns on your head.
You reflexively headbutt those who attack you in melee.


Message History

You suddenly lose the ability to move!
A starcursed mass splits.
A cacophony of accursed wailing tears at your sanity!
* * * LOW HITPOINT WARNING * * *
A starcursed mass splits.
You can move again.
Unknown command.
Unknown command.
Unknown command.
Clouds of poison gas condense around you!
The condenser dries out!
You feel yourself speed up.
Your protection from physical attacks is fading.
A starcursed mass splits.
A cacophony of accursed wailing tears at your sanity!
* * * LOW HITPOINT WARNING * * *
You shrug off the repeated paralysis!
A starcursed mass splits. x3
Okay, then.
You feel much better.
You feel better.
A cacophony of accursed wailing tears at your sanity!
* * * LOW HITPOINT WARNING * * *
Okay, then.
You slash the starcursed mass!
The starcursed mass is severely damaged.
You hit the starcursed mass. You slash the starcursed mass!
You destroy the starcursed mass!
You slash the starcursed mass! You slice the starcursed mass!!
You destroy the starcursed mass!
The starcursed mass shudders and is absorbed by its neighbour. x2
The starcursed mass shudders and withdraws towards its neighbour. x3
A starcursed mass splits.
Unknown command.
The starcursed mass attacks as you move away!
A cacophony of accursed wailing tears at your sanity!
* * * LOW HITPOINT WARNING * * *
You suddenly lose the ability to move!
A starcursed mass splits.
A starcursed mass splits.
A cacophony of accursed wailing tears at your sanity!
You die...

.........##### ##.
...........#..#....
...............#... .
..................##..
.................. #.
.#.....#.°..°......# .
.. .......§..§○...... .
.... .....X.§.X......
............§XXX@X☼.....
..... . ....§§§X#XXX....
...... .....§§§XXXXX§§§.
............§§§§.XX§§§§.
. ..........§§§##..§§§§.
. ## ...#...##§# ..§○§§.
. ...#..#..# .§§§§§. . .
....... ...# #...... .
.......... ...


You could see 16 starcursed masses.

Vanquished Creatures
  A tentacled monstrosity (Swamp:4)
  Mlioglotl (Swamp:1)
  Gastronok (D:11)
  Kirke (D:15)
  2 thorn hunters
  14 nagarajas
  Aizul (Snake:3)
  2 ironbound preservers
  A very ugly thing (Swamp:4)
  An eleionoma (Swamp:2)
  5 bunyips
  A minotaur (Gauntlet)
  2 green deaths (Swamp:4)
  An ettin (D:15)
  4 shambling mangroves
  14 hydras
  2 salamander tyrants
  2 rakshasas (D:12)
  Erica (Lair:2)
  A ghost crab (Swamp:3)
  4 boulder beetles
  A merfolk avatar (Lair:5)
  21 naga warriors
  5 centaur warriors
  25 anacondas
  2 catoblepae
  4 two-headed ogres
  5 alligators
  A tengu warrior (D:15)
  A thrashing horror (Swamp:4)
  2 orc high priests
  5 death yaks (Lair:5)
  9 shock serpents
  A hell knight (D:15)
  5 spriggans
  A fire crab (D:13)
  14 naga sharpshooters
  3 salamander mystics
  4 sea snakes (Snake:1)
  A sixfirhy (D:12)
  2 goliath frogs
  5 skeletal warriors (D:14)
  2 death drakes (Swamp:4)
  2 spriggan druids
  An obsidian statue (D:12)
  8 swamp dragons
  A glowing orange brain (Gauntlet)
  4 deep trolls
  10 naga ritualists
  2 phantasmal warriors (D:13)
  5 bog bodies
  4 orc knights
  2 deep elf pyromancers
  A necromancer (D:15)
  3 orc sorcerers (Orc:2)
  A wolf spider (D:14)
  14 mana vipers
  4 will-o-the-wisps
  20 ugly things
  5 cyclopes
  A manticore (D:11)
  9 elephants
  21 salamanders
  2 large abominations (Swamp:4)
  An apocalypse crab (Abyss:2)
  A rust devil (D:12)
  Maurice (Orc:2)
  53 black mambas
  A molten gargoyle (Gauntlet)
  4 orange demons
  2 gargoyles
  7 guardian serpents (Snake:4)
  16 naga magi
  A torpor snail (Lair:5)
  A cane toad (shapeshifter) (D:13)
  12 cane toads
  2 minotaur zombies (Gauntlet)
  A kobold demonologist (D:12)
  5 komodo dragons
  An unseen horror (D:9)
  A tormentor (Abyss:2)
  3 freezing wraiths
  A rime drake (Lair:3)
  A tengu conjurer (D:15)
  2 trolls
  A bloated husk (Swamp:2)
  9 tyrant leeches
  3 polar bears
  A meliai (shapeshifter) (D:14)
  4 meliai
  3 wind drakes
  12 hornets
  A snapping turtle (Lair:5)
  16 slime creatures
  4 dream sheep (Lair:5)
  A blink frog (Lair:5)
  A vampire (D:11)
  3 wraiths
  6 shadows
  A ynoxinul (D:12)
  31 yaks
  5 wyverns
  A human (D:15)
  2 basilisks
  2 hogs (D:15)
  3 chaos spawn
  A neqoxec (Gauntlet)
  3 steam dragons
  12 vampire mosquitoes
  17 swamp worms
  39 nagas
  3 wargs
  2 acid dragons
  14 water moccasins
  Duvessa (D:5)
  30 orc warriors
  4 swamp drakes
  3 sky beasts
  2 ice beasts
  5 black bears
  11 wolves
  4 ogres
  4 centaurs
  2 phantoms
  2 kobold brigands
  Blork the orc (D:5)
  10 bullfrogs
  3 necrophages
  2 gnoll sergeants
  An earth elemental (Swamp:2)
  A scorpion (D:6)
  6 wights
  Dowan (D:5)
  11 killer bees
  9 electric eels
  2 howler monkeys
  A crimson imp (D:12)
  14 orc priests
  2 starcursed masses (Abyss:2)
  2 hounds
  3 jellies
  A gnoll bouda (D:8)
  Terence (D:3)
  Ijyb (D:3)
  4 iguanas
  25 orc wizards
  7 hell rats (Lair:5)
  10 adders
  17 gnolls
  2 shadow imps (D:12)
  5 white imps
  8 ufetubi
  4 worms
  A dart slug (D:1)
  91 orcs
  7 ball pythons
  10 endoplasms
  4 giant cockroaches
  18 goblins
  3 hobgoblins
  7 jackals
  18 kobolds
  A quokka (D:5)
  4 bats
  4 frilled lizards
  3 rats
1012 creatures vanquished.

Vanquished Creatures (collateral kills)
  An orc warlord (Orc:1)
  A death knight (D:13)
  A naga ritualist (Snake:4)
  An orc knight (Orc:2)
  A slime creature (D:13)
  2 orc warriors (Orc:2)
  2 orc priests (Orc:2)
  3 orcs (Orc:2)
12 creatures vanquished.

Vanquished Creatures (others)
  3 bloated husks
  A vampire (D:13)
  A naga (Snake:4)
  10 demonic plants (Gauntlet)
  18 foxfires
  24 fungi
  47 plants
  24 withered plants
128 creatures vanquished.

Grand Total: 1152 creatures vanquished

Notes
Turn   | Place    | Note
-------+----------+-------------------------------------------
     0 | D:1      | iguanaiguana the Minotaur Fighter began the quest for the
                  | Orb.
     0 | D:1      | Reached XP level 1. HP: 19/19 MP: 0/0
   102 | D:1      | Reached XP level 2. HP: 27/27 MP: 1/1
   374 | D:1      | Reached XP level 3. HP: 33/33 MP: 2/2
   894 | D:2      | Reached XP level 4. HP: 26/40 MP: 3/3
  1215 | D:2      | Found a broken altar of Ashenzari.
  1384 | D:3      | Noticed Ijyb
  1395 | D:3      | Killed Ijyb
  1396 | D:3      | Reached XP level 5. HP: 19/47 MP: 4/4
  1726 | D:3      | Reached skill level 5 in Axes
  1927 | D:3      | Noticed Terence
  1939 | D:3      | Killed Terence
  2079 | D:3      | Reached XP level 6. HP: 46/55 MP: 5/5
  2139 | D:3      | Found a stormy altar of Qazlal.
  2149 | D:3      | Became a worshipper of Qazlal Stormbringer
  2254 | D:4      | Reached skill level 5 in Fighting
  2254 | D:4      | Reached skill level 5 in Armour
  2254 | D:4      | Reached skill level 5 in Shields
  2846 | D:5      | Entered Level 5 of the Dungeon
  2857 | D:5      | Reached XP level 7. HP: 61/61 MP: 6/6
  2869 | D:5      | Noticed Duvessa
  2871 | D:5      | Noticed Dowan
  2884 | D:5      | Killed Duvessa
  3070 | D:5      | Killed Dowan
  3188 | D:5      | Reached * piety under Qazlal
  3881 | D:5      | Noticed Blork the orc
  3891 | D:5      | Killed Blork the orc
  3892 | D:5      | Reached XP level 8. HP: 63/70 MP: 7/7
  4837 | D:6      | Found an opulent altar of Gozag.
  5273 | D:6      | Noticed a troll
  5281 | D:6      | Killed a troll
  5728 | D:6      | Found a radiant altar of Vehumet.
  5891 | D:6      | Found a staircase to the Ecumenical Temple.
  5943 | D:6      | Reached XP level 9. HP: 63/79 MP: 8/8
  6140 | D:7      | HP: 1/79 [gnoll/+0 halberd[a gnoll sergeant] (8)]
  6161 | D:7      | Reached ** piety under Qazlal
  6566 | D:7      | Found a sacrificial altar of Ru.
  6592 | D:7      | Identified the +0 ring mail of Resonance {rF+ rCorr}
  6818 | D:7      | Reached skill level 10 in Axes
  7267 | D:7      | Found an ancient bone altar of Kikubaaqudgha.
  7342 | D:8      | Found Utuc's Armour Shop.
  7533 | D:8      | Bought a +1 pair of gloves of dexterity for 231 gold pieces
  7582 | D:8      | Found a burning altar of Makhleb.
  7673 | D:8      | Found a white marble altar of Elyvilon.
  7673 | D:8      | Found a glowing silver altar of Zin.
  7673 | D:8      | Found a glowing golden altar of the Shining One.
  8276 | D:8      | Found a runed translucent gate.
  8277 | D:8      | Found a runed translucent gate.
  8277 | D:8      | Found a runed translucent gate.
  8278 | D:8      | Found an opulent altar of Gozag.
  8278 | D:8      | Noticed btbam's ghost (novice PaBe)
  8279 | D:8      | Noticed a centaur warrior
  8497 | D:8      | Reached XP level 10. HP: 42/90 MP: 9/9
  8876 | D:8      | Reached *** piety under Qazlal
  9181 | D:9      | Found a snail-covered altar of Cheibriados.
  9496 | D:9      | Reached skill level 1 in Invocations
  9877 | D:9      | Reached **** piety under Qazlal
 10420 | D:9      | Found a staircase to the Orcish Mines.
 10440 | D:9      | Paralysed by a hornet for 3 turns
 10446 | D:9      | Reached skill level 5 in Invocations
 10821 | D:10     | Entered Level 10 of the Dungeon
 10896 | D:10     | Noticed Urug
 11158 | D:10     | Noticed a two-headed ogre
 11167 | D:10     | Killed a two-headed ogre
 11168 | D:10     | Reached skill level 1 in Throwing
 11168 | D:10     | Reached skill level 1 in Evocations
 11801 | D:11     | Noticed a manticore
 11805 | D:11     | Killed a manticore
 11887 | D:11     | Noticed an elephant
 11891 | D:11     | Reached XP level 11. HP: 97/97 MP: 14/14
 11897 | D:11     | Noticed a boulder beetle
 11910 | D:11     | Noticed Gastronok
 11930 | D:11     | Killed Gastronok
 11936 | D:11     | Killed a boulder beetle
 11937 | D:11     | Noticed a boulder beetle
 11976 | D:11     | Killed a boulder beetle
 12285 | D:11     | Found a staircase to the Lair.
 12355 | D:11     | Noticed a two-headed ogre
 12370 | D:11     | Killed a two-headed ogre
 12371 | D:11     | Reached skill level 5 in Throwing
 13012 | Lair:1   | Entered Level 1 of the Lair of Beasts
 13028 | Lair:1   | Reached skill level 5 in Evocations
 13628 | Lair:1   | Found a dark tunnel.
 14109 | Lair:2   | Reached ***** piety under Qazlal
 14128 | Lair:2   | Reached XP level 12. HP: 95/104 MP: 17/17
 14356 | Lair:2   | Noticed Erica
 14368 | Lair:2   | Killed Erica
 15259 | Lair:3   | Found a staircase to the Snake Pit.
 15340 | Lair:3   | Found a staircase to the Swamp.
 15854 | Lair:3   | Found a sparkling altar of Nemelex Xobeh.
 17162 | Lair:4   | Noticed an eight-headed hydra
 17169 | Lair:4   | Killed an eight-headed hydra
 17818 | Lair:4   | Identified a scroll of acquirement
 17820 | Lair:4   | Acquired the +6 tower shield of Wonderful Birdsong {Str+7
                  | Int+6 Stlth-}
 17855 | Lair:5   | Entered Level 5 of the Lair of Beasts
 17899 | Lair:5   | Reached XP level 13. HP: 101/111 MP: 19/19
 18275 | Lair:5   | Reached skill level 10 in Shields
 19179 | Lair:5   | Reached skill level 10 in Invocations
 19364 | Lair:5   | Found the brooch of Shielding {Spirit SH+8}
 19660 | Lair:5   | Found a viscous altar of Jiyva.
 19770 | Lair:5   | Found a staircase to the Slime Pits.
 21102 | Orc:1    | Entered Level 1 of the Orcish Mines
 21102 | Orc:1    | Found Hucwag's Weapon Emporium.
 21157 | Orc:1    | Bought the +7 war axe of Zeyrrafynt {pain, *Rage rCorr
                  | Str-2 Stlth+} for 844 gold pieces
 21300 | Orc:1    | Noticed TarVian's ghost (journeyman MiFi)
 21318 | Orc:1    | Found a runed translucent gate.
 21318 | Orc:1    | Found a runed translucent gate.
 21318 | Orc:1    | Found a runed translucent gate.
 21374 | Orc:1    | Found Fithafeu's Distillery.
 21473 | Orc:1    | Found Juyclan's Antique Armour Shoppe.
 21516 | Orc:1    | Bought a pair of embroidered boots for 240 gold pieces
 21539 | Orc:1    | Found Wureon's Antique Weapon Emporium.
 21986 | Orc:2    | Entered Level 2 of the Orcish Mines
 22017 | Orc:2    | Reached skill level 15 in Axes
 22356 | Orc:2    | Reached XP level 14. HP: 100/118 MP: 21/21
 22386 | Orc:2    | Noticed an orc warlord
 22536 | Orc:1    | Killed an orc warlord
 22566 | Orc:2    | Noticed Maurice
 22576 | Orc:2    | Killed Maurice
 22595 | Orc:2    | Found a staircase to the Elven Halls.
 22639 | Orc:2    | Found Hischups's Jewellery Shop.
 22747 | Orc:2    | Found Semotem's Antique Armour Shop.
 22900 | Orc:2    | Found a flickering gateway to a bazaar.
 22933 | Orc:2    | Found Rubeug's General Store.
 22963 | Bazaar   | Entered a bazaar
 22967 | Bazaar   | Found Jihoef's Jewellery Boutique.
 22989 | Bazaar   | Found Iwaoj's Antique Armour Emporium.
 23010 | Bazaar   | Found Tealypp's Book Boutique.
 23030 | Bazaar   | Found Baugaa's Weapon Shoppe.
 23090 | Orc:2    | Found Dikleherph's Antique Weapon Shop.
 23231 | Orc:2    | Bought a +6 ring of strength for 504 gold pieces
 23458 | D:13     | Noticed an ironbound preserver
 23468 | D:13     | Killed an ironbound preserver
 23730 | D:13     | Found a gate to the Vaults.
 24970 | D:14     | Found Oklihuge's Jewellery Shoppe.
 25369 | D:15     | Entered Level 15 of the Dungeon
 25444 | D:15     | Found a gate leading to a gauntlet.
 25458 | Gauntlet | Entered a Gauntlet
 25458 | Gauntlet | Found a transporter.
 25458 | Gauntlet | Found a transporter.
 25458 | Gauntlet | Found a transporter.
 25501 | Gauntlet | Found a transporter.
 25504 | Gauntlet | Found a transporter.
 25504 | Gauntlet | Found a transporter.
 25506 | Gauntlet | Found a large runed translucent door.
 25507 | Gauntlet | Found a large runed translucent door.
 25508 | Gauntlet | Found a large runed translucent door.
 25508 | Gauntlet | Found a large runed translucent door.
 25508 | Gauntlet | Found a runed translucent door.
 25509 | Gauntlet | Found a large runed translucent door.
 25510 | Gauntlet | Found a large runed translucent door.
 25511 | Gauntlet | Found a large runed translucent door.
 25511 | Gauntlet | Found a large runed translucent door.
 25512 | Gauntlet | Found a runed translucent gate.
 25518 | Gauntlet | Found a transporter.
 25518 | Gauntlet | Found a transporter.
 25530 | Gauntlet | Found a transporter.
 25621 | Gauntlet | Found a large runed translucent door.
 25622 | Gauntlet | Found a large runed translucent door.
 25623 | Gauntlet | Found a large runed translucent door.
 25623 | Gauntlet | Found a large runed translucent door.
 25623 | Gauntlet | Found a runed translucent door.
 25624 | Gauntlet | Found a large runed translucent door.
 25625 | Gauntlet | Found a large runed translucent door.
 25626 | Gauntlet | Found a large runed translucent door.
 25626 | Gauntlet | Found a large runed translucent door.
 25627 | Gauntlet | Found a runed translucent gate.
 25627 | Gauntlet | Found a runed translucent gate.
 25629 | Gauntlet | Found a transporter.
 25633 | Gauntlet | Found a transporter.
 25645 | Gauntlet | Found a transporter.
 25732 | Gauntlet | Acquired the +6 broad axe of Callousness {vorpal, rF+ rC+
                  | Dex+4}
 25758 | Gauntlet | Identified the +0 hat of the Peculiar Wars {rC- rN+ Stlth+}
 25774 | Gauntlet | Reached XP level 15. HP: 124/124 MP: 23/23
 25810 | Gauntlet | Found the +0 mask of the Dragon {Will+ Slay+3 SInv}
 25814 | Gauntlet | Acquired the ring "Mekecs" {rElec Str+3 Int+6 Slay-2 SInv}
 25909 | D:15     | Reached skill level 15 in Shields
 26004 | D:15     | Noticed Kirke
 26014 | D:15     | Killed Kirke
 26188 | D:15     | Found a hide-covered altar of Uskayaw.
 26210 | D:15     | Found a white marble altar of Elyvilon.
 26210 | D:15     | Found a shimmering altar of Xom.
 26212 | D:15     | Found a glowing golden altar of the Shining One.
 26212 | D:15     | Found a white marble altar of Elyvilon.
 26212 | D:15     | Found a snail-covered altar of Cheibriados.
 26269 | D:15     | Found a staircase to the Depths.
 26666 | Snake:1  | Entered Level 1 of the Snake Pit
 26683 | Snake:1  | Noticed a nagaraja
 26698 | Snake:1  | Killed a nagaraja
 26921 | Snake:1  | Found Koosoukeny's Book Shoppe.
 26924 | Snake:1  | Found Cydy Rip's Weapon Shoppe.
 26927 | Snake:1  | Found Miacausu's Weapon Shoppe.
 26928 | Snake:1  | Found Cetytiog's Magic Scroll Shoppe.
 27257 | Snake:1  | Reached skill level 1 in Dodging
 27635 | Snake:1  | Reached ****** piety under Qazlal
 27640 | Snake:1  | Reached skill level 10 in Armour
 27777 | Snake:1  | Found a runed translucent gate.
 27778 | Snake:1  | Found a runed translucent gate.
 27779 | Snake:1  | Found a runed translucent gate.
 27779 | Snake:1  | Noticed lambentLogic's ghost (journeyman HOFi)
 27781 | Snake:1  | Noticed BuzzyBeetle's ghost (journeyman DEIE)
 27900 | Snake:1  | Reached skill level 10 in Fighting
 28057 | Snake:1  | Reached XP level 16. HP: 117/134 MP: 12/24
 29458 | Snake:2  | Reached skill level 5 in Dodging
 29472 | Snake:2  | Identified the +1 leather armour of the Desert {-Cast rCorr
                  | Str+3}
 30544 | Snake:3  | Identified the +8 spear of Circularity {vorpal, rPois
                  | Str+4}
 30612 | Snake:3  | Reached skill level 15 in Invocations
 31549 | Snake:4  | Entered Level 4 of the Snake Pit
 31556 | Snake:4  | Noticed Aizul
 31569 | Snake:3  | Killed Aizul
 31706 | Snake:4  | Reached XP level 17. HP: 139/148 MP: 24/27
 31797 | Snake:4  | Found a runed translucent door.
 31818 | Snake:4  | Noticed HypermagicGuardian's ghost (adept MiFi)
 31819 | Snake:4  | Found a shimmering altar of Xom.
 32003 | Snake:4  | Identified the +6 scale mail of the Worm {Int+4}
 33767 | Snake:4  | Got a serpentine rune of Zot
 34229 | Swamp:1  | Entered Level 1 of the Swamp
 35479 | Swamp:2  | Noticed Mlioglotl
 35594 | Swamp:1  | Killed Mlioglotl
 35627 | Swamp:2  | Reached skill level 10 in Throwing
 36467 | Swamp:3  | Reached XP level 18. HP: 161/161 MP: 29/29
 37216 | Swamp:3  | Identified the +5 short sword "Kalimpin" {flame, rF+ rN+
                  | Stlth+}
 37531 | Swamp:4  | Entered Level 4 of the Swamp
 37565 | Swamp:4  | Identified the +6 mace of Pestilence {vorpal, rCorr}
 38137 | Swamp:4  | Reached skill level 15 in Fighting
 38646 | Swamp:4  | Noticed a tentacled monstrosity
 38657 | Swamp:4  | Killed a tentacled monstrosity
 39297 | Swamp:4  | Got a decaying rune of Zot
 39505 | Vaults:1 | Entered Level 1 of the Vaults
 39551 | Abyss:2  | Cast into level 2 of the Abyss (a wizard)
 39603 | Abyss:2  | Paralysed by accursed screaming for 2 turns
 39609 | Abyss:2  | Paralysed by accursed screaming for 2 turns
 39610 | Abyss:2  | Killed from afar by a starcursed mass

Illustrated notes

Levels and vault maps discovered:
D:1:      minmay_arrival_cross, layout_loops_cross, st_stairs_9
D:2:      layout_rooms, basic_altar, nicolae_wormholes
D:3:      layout_loops_ring, mainiacjoe_overflow_cross_hatched,
          minmay_misc_feat_tower, uniq_terence, uniq_ijyb
D:4:      layout_gridville, minmay_misc_feat_plants
D:5:      cheibrodos_two_vegetables, layout_loops_ring, uniq_blork_the_orc,
          uniq_duvessa
D:6:      layout_basic, mainiacjoe_overflow_24_doors,
          mainiacjoe_overflow_catwalk, lemuel_temple_firewalk_b,
          minmay_misc_feat_nine_boxes, minmay_misc_feat_five,
          hangedman_decor_push
D:7:      layout_loops_ring, mainiacjoe_overflow_big_doors
D:8:      minmay_inner_zag, layout_loops_corners, good_gods_mini_temple,
          mainiacjoe_overflow_paths, serial_shops, shop, ebering_ghost_gozag,
          nicolae_concentric_dashed_squares_wild
D:9:      layout_rooms, mainiacjoe_overflow_concentric_impassable, david_orc_5,
          minmay_chambers_of_fives
D:10:     layout_basic, uniq_urug
D:11:     layout_basic, david_lair_generic, uniq_gastronok
D:12:     cheibrodos_frozen_isle, layout_rooms, chequers_serial_rivers_micro_b,
          hangedman_devilish_allure
D:13:     layout_roguey, skrybe_vaults_entry_preservation
D:14:     layout_roguey, minmay_large_rounded_square, serial_shops, shop
D:15:     hangedman_depths_entry_civil_slaughter, layout_basic,
          gauntlet_entry_generic, doesnt_xom_only_xom, uniq_kirke
Lair:1:   layout_cave_pods, lightli_volcano_entry_magma_tube, minmay_hedge_maze
Lair:2:   layout_regular_city, nicolae_quartered_pool_medium,
          infiniplex_staircase_pool, uniq_erica
Lair:3:   layout_long_grid, minmay_swamp_entry_eels,
          minmay_snake_entry_guardpost_small, basic_altar, lemuel_fruit_tree
Lair:4:   layout_cave_pods
Lair:5:   gammafunk_lair_ancient_temple, layout_regular_city,
          minmay_slime_entry_pillars, bobbens_ice_dragon_lair,
          infiniplex_staircase_pool_2
Swamp:1:  layout_falls_marsh, nicolae_swamp_some_circles
Swamp:2:  layout_basic_swamp, evilmike_swamp_ruin_house_3, swamp_pool4,
          nzn_swamp_blast_mining, uniq_mlioglotl
Swamp:3:  layout_basic_swamp, evilmike_swamp_ruin_house_6, swamp_pool5
Swamp:4:  swamp_vile, layout_basic_swamp, swamp_pool4
Snake:1:  minmay_snake_river, layout_grid_shapes, gammafunk_ghost_cemetery,
          minmay_shop_grid_forest, grunt_megastairs_3
Snake:2:  layout_honeycomb, grunt_megastairs_5
Snake:3:  layout_onion, grunt_megastairs_4
Snake:4:  grunt_snake_rune_spirals, layout_onion, ebering_ghost_xom, uniq_aizul
Orc:1:    layout_caves, basic_altar, gammafunk_ghost_split, serial_shops,
          shop_statue, nicolae_shop_overgrown_old_shop, shop, shop
Orc:2:    grunt_orc_cross, layout_diamond_mine, serial_shops, bzr_entry_safe,
          nicolae_orc_flooded_monolith, mines2_david, uniq_maurice
Vaults:1: vaults_dpeg_diagonal, vaults_standard_mumra_x,
          hangedman_vaults_stream, v_misc_4, vaults_dpeg_ring,
          nicolae_vaults_little_squares_1, hangedman_vaults_variations,
          v_misc_4, nicolae_vaults_specimen_jars, v_misc_17, v_misc_1,
          layout_vaults_omnibox
Abyss:2:  base: Snake:1, minivault_13

Skill      XL: |  1  2  3  4  5  6  7  8  9 10 11 12 13 14 15 16 17 18 |
---------------+-------------------------------------------------------+-----
Axes           | 3 4 5 6 7 9 11 12 13 15 18 | 18.0
Fighting       | 4 5 6 7 8 9 10 12 14 15 | 15.0
Armour         | 4 5 6 7 8 9 10 | 10.0
Shields        | 4 5 6 7 8 9 13 14 17 | 17.6
Invocations    | 6 8 9 10 12 15 17 18 | 18.9
Throwing       | 2 6 8 10 11 | 11.4
Evocations     | 2 5 7 |  7.3
Dodging        | 3 6 |  6.0

Action                   |  1- 3 |  4- 6 |  7- 9 | 10-12 | 13-15 | 16-18 || total
-------------------------+-------+-------+-------+-------+-------+-------++-------
Melee: War axe           |    74 |   132 |   288 |   481 |   622 |       ||  1597
       Headbutt          |    14 |    20 |    56 |   118 |   220 |   242 ||   670
       Unarmed           |       |       |     1 |       |       |       ||     1
       Broad axe         |       |       |       |       |   275 |   882 ||  1157
       Spear             |       |       |       |       |       |    20 ||    20
Throw: Dart              |       |       |       |    14 |     6 |       ||    20
       Boomerang         |       |       |       |    10 |    55 |    31 ||    96
       Javelin           |       |       |       |       |       |     2 ||     2
Invok: Upheaval          |       |       |       |     2 |       |       ||     2
       Disaster Area     |       |       |       |       |     2 |     5 ||     7
       Elemental Force   |       |       |       |       |     3 |       ||     3
Evoke: Wand              |       |       |     8 |    17 |    18 |       ||    43
       Condenser vane    |       |       |       |     1 |     3 |     3 ||     7
       Phantom mirror    |       |       |       |       |     3 |     1 ||     4
       Phial of floods   |       |       |       |       |     2 |       ||     2
  Use: Potion            |       |       |     9 |     5 |     4 |    10 ||    28
       Scroll            |       |       |    12 |     9 |    11 |     7 ||    39
 Stab: Distracted        |       |       |       |       |     1 |       ||     1
Armor: Scale mail        |    25 |       |       |       |       |   141 ||   166
       Plate armour      |    13 |    82 |   190 |   321 |   170 |    38 ||   814
       Skin              |       |       |       |       |     3 |       ||     3
Dodge: Dodged            |    24 |    47 |   108 |   130 |    56 |   117 ||   482
       Repelled          |       |       |       |    10 |     2 |    20 ||    32
Block: Buckler           |    16 |    24 |   139 |   268 |       |       ||   447
       Tower shield      |       |       |       |    25 |  1262 |  1402 ||  2689
